 Dungeon Crawl Stone Soup version 0.31.0-9-g3a7656b989 (console) character file.

Game seed: 13176610668356936222

1922 AlterAsc the Grappler (level 8, -15/99 (102) HPs)
             Began as a Troll Shapeshifter on Jan 26, 2024.
             Was an Initiate of Makhleb.
             Demolished by a hornet (17 damage)
             ... on level 8 of the Dungeon.
             The game lasted 00:11:24 (5120 turns).

AlterAsc the Grappler (Troll Shapeshifter)          Turns: 5120, Time: 00:11:24

HP:   -15/99 (102)  AC: 20    Str: 31    XL:     8   Next: 96%
MP:   7/7           EV:  1    Int:  6    God:    Makhleb [......]
Gold: 295           SH:  6    Dex:  9    Spells: 7/7 levels left

rFire   + .          .
                       - Unarmed
rCold   + + .        I - +0 kite shield
rNeg    . . .        a - melded +0 animal skin
rPois   +            (helmet currently unavailable)
rElec   +            (cloak currently unavailable)
rCorr   +            (gloves unavailable)
SInv    .            (boots unavailable)
Will    .....        (no amulet)
Stlth   +            r - +6 ring of strength
HPRegen 1.16/turn    i - ring of protection from cold
MPRegen 0.10/turn

%: no passive effects
@: lethally poisoned (-15 -> -15), tree-form, resistant, corroded, hasted,
lightly drained, very quick
A: stationary, stasis, torment immunity, boosted hp, large, unfitting armour,
(claws 3), regeneration 1, (shaggy fur 1), (tough skin 1)
a: Renounce Religion


You were on level 8 of the Dungeon.
You worshipped Makhleb.
Makhleb was noncommittal.
You were a tree.
You visited 2 branches of the dungeon, and saw 9 of its levels.

You collected 325 gold pieces.
You spent 30 gold pieces at shops.

Inventory:

Hand Weapons
 M - a +4 trident of draining
Missiles
 g - 4 javelins (quivered)
 s - a throwing net
 u - 6 boomerangs
 z - 4 curare-tipped darts
Armour
 a - a +0 animal skin (melded)
 C - a +1 hat
 I - a +0 kite shield (worn)
 N - an orb of mayhem
Jewellery
 e - a ring of resist corrosion
 i - a ring of protection from cold (right branch)
 r - a +6 ring of strength (left branch)
 F - a ring of protection from fire
Talismans
 c - a beast talisman (active)
 d - a flux talisman
Wands
 K - a wand of quicksilver (7)
 L - a wand of iceblast (2)
Scrolls
 f - a scroll of torment {unknown}
 j - 6 scrolls of identify {unknown}
 k - 3 scrolls of poison {unknown}
 l - a scroll of teleportation
 m - 2 scrolls of enchant armour {unknown}
 p - a scroll of fear {unknown}
 t - a scroll of vulnerability {unknown}
 v - a scroll of noise {unknown}
 x - a scroll of fog {unknown}
 y - 2 scrolls of enchant weapon {unknown}
 D - a scroll of revelation {unknown}
 E - a scroll of blinking {unknown}
 H - a scroll of immolation {unknown}
Potions
 b - 2 potions of lignification
 h - a potion of brilliance {unknown}
 n - a potion of haste
 o - a potion of might {unknown}
 q - a potion of cancellation {unknown}
 w - a potion of enlightenment {unknown}
 A - a potion of resistance {unknown}
 B - 2 potions of attraction {unknown}
 G - a potion of heal wounds {unknown}
 J - a potion of mutation {unknown}
 O - a potion of magic {unknown}


   Skills:
 - Level 0.7 Fighting
 - Level 1.5 Dodging
 + Level 12.0 Unarmed Combat
 - Level 3.0 Shapeshifting


You had 7 spell levels left.
You didn't know any spells.
Your spell library contained the following spells:

 Spells                   Type           Power      Damage    Failure   Level
 Shock                    Conj/Air       0%         1d3       71%         1
 Call Canine Familiar     Summ           0%         N/A       97%         3
 Frozen Ramparts          Ice            0%         1d1       97%         3
 Sigil of Binding         Hex            0%         N/A       97%         3
 Dimensional Bullseye     Hex/Tloc       0%         N/A       100%        4
 Leda's Liquefaction      Alch/Erth      0%         N/A       100%        4
 Petrify                  Alch/Erth      0%         N/A       100%        4
 Metabolic Englaciation   Hex/Ice        0%         N/A       100%        5


Dungeon Overview and Level Annotations

Branches:
Dungeon (8/15)             Temple (1/1) D:6
   Lair: D:8-11

Altars:
Ashenzari
Cheibriados
Dithmenos
Elyvilon
Fedhas
Gozag
Hepliaklqana
Kikubaaqudgha
Makhleb
Nemelex Xobeh
Okawaru
Qazlal
Ru
Sif Muna
Trog
Uskayaw
Vehumet
Wu Jian
Xom
Yredelemnul
Zin
The Shining One

Shops:
D:1 *   D:2 *   D:5 (?*

Annotations:
D:8 Psyche


Innate Abilities, Weirdness & Mutations

You are a tree.
Your roots penetrate the ground, keeping you stationary.
You cannot be teleported.
You are immune to unholy pain and torment.
Your maximum health is greatly increased.
Your equipment is partially melded.
You are too large for most types of armour.
((You have claws for hands.))
Your natural rate of healing is unusually fast.
((You are covered in fur. (AC +1)))
((You have tough skin. (AC +1)))


Message History

The hornet is lightly wounded.
You hear some strange, mumbled words.
A swirling arc of seething chaos appears!
An arc of chaos appears from out of thin air!
The arc of chaos hits you!
Something tries to affect you, but you resist.
The arc of chaos hits the hornet.
The hornet goes berserk!
The hornet stings you!!
You are poisoned.
You suddenly lose the ability to move!
You feel very sick. The hornet barely misses you. The hornet stings you!
* * * LOW HITPOINT WARNING * * *
You feel yourself slow down.
You hear some strange, mumbled words.
Something tries to affect you, but you resist.
You can move again.
Unknown command.
Really quaff the potion of lignification?
Your transformation has ended.
You turn into a tree.
Your +0 animal skin melds into your body.
Your roots penetrate the ground.
You feel yourself speed up.
You feel very sick.
The hornet stings you but does no damage. x2
Something hits you but does no damage.
You feel protected. The hornet stings you!
* * * LOW HITPOINT WARNING * * *
You feel yourself slow down.
An orc comes into view. It is wielding a +0 spear.
The hornet stings you!
* * * LOW HITPOINT WARNING * * *
You shrug off the repeated paralysis!
Something hits you but does no damage.
It was a potion of haste.
You feel yourself speed up.
You feel yourself speed up.
You feel sick.
The orc shouts!
You hear a shout!
The hornet stings you!
You die...

... .... #.. ...
#..# ... ##..## ..#
##....##.#
#........##
##..#..y...####
#......♣......#
##.##.<........
#####...........
##.#.#...........
...#................
............##......
...##.......# #.##..
#.o#....# ## ##
....##.....# ~~~..
.....## ##~..
..##..#


You could see a hornet (berserk) and an orc.

Vanquished Creatures
  Jeremiah (D:7)
  2 water moccasins
  An ice beast (D:6)
  An orc warrior (D:7)
  A sky beast (D:7)
  An ogre (D:4)
  3 centaurs
  A bullfrog (D:7)
  A gnoll sergeant (D:7)
  A scorpion (D:5)
  A bombardier beetle (D:5)
  2 jellies (D:6)
  4 orc priests
  A hound (D:6)
  A gnoll bouda (D:5)
  Jessica (D:2)
  2 iguanas (D:5)
  2 orc wizards
  7 adders
  14 gnolls
  A dart slug (D:2)
  18 orcs
  3 bats
  7 endoplasms
  2 giant cockroaches
  7 goblins
  5 hobgoblins
  4 jackals (D:3)
  3 quokkas
  2 ball pythons
  2 frilled lizards
  2 kobolds
  4 rats
108 creatures vanquished.

Notes
Turn   | Place    | Note
-------+----------+-------------------------------------------
     0 | D:1      | AlterAsc the Troll Shapeshifter began the quest for the
                  | Orb.
     0 | D:1      | Reached XP level 1. HP: 18/18 MP: 0/0
   181 | D:1      | Reached XP level 2. HP: 20/26 MP: 1/1
   337 | D:1      | You fall into a shaft and drop 1 floor!
   361 | D:2      | Noticed Jessica
   367 | D:2      | Killed Jessica
   368 | D:2      | Reached skill level 4 in Unarmed Combat
   368 | D:2      | Reached XP level 3. HP: 32/32 MP: 2/2
   617 | D:1      | Found Yzodgh's Assorted Antiques.
  1204 | D:2      | Found Xophee's General Store.
  1209 | D:2      | Bought a scroll of teleportation for 30 gold pieces
  1678 | D:3      | Reached XP level 4. HP: 40/40 MP: 3/3
  1684 | D:3      | Reached skill level 5 in Unarmed Combat
  1865 | D:3      | Found a faded altar of an unknown god.
  1871 | D:3      | Got Plato's Quarto of the Storm
  2434 | D:4      | Noticed an ogre
  2443 | D:4      | Reached XP level 5. HP: 42/46 MP: 4/4
  2447 | D:4      | Killed an ogre
  2448 | D:4      | Reached skill level 6 in Unarmed Combat
  2631 | D:4      | Reached XP level 6. HP: 47/54 MP: 5/5
  2633 | D:4      | Reached skill level 7 in Unarmed Combat
  2887 | D:5      | Entered Level 5 of the Dungeon
  3106 | D:5      | Found a white marble altar of Elyvilon.
  3185 | D:5      | Found Zuroth's Magic Scroll Shop.
  3235 | D:5      | Reached skill level 8 in Unarmed Combat
  3239 | D:5      | Reached XP level 7. HP: 24/61 MP: 6/6
  3472 | D:5      | Found Xeumuost's Antique Weapon Emporium.
  3537 | D:5      | Found Kugaiguf's CLEARANCE SALE!.
  3774 | D:6      | Reached skill level 9 in Unarmed Combat
  3873 | D:6      | Found a staircase to the Ecumenical Temple.
  3938 | Temple   | Entered the Ecumenical Temple
  4009 | Temple   | Became a worshipper of Makhleb the Destroyer
  4189 | D:6      | Reached XP level 8. HP: 63/68 MP: 7/7
  4245 | D:6      | Found a blossoming altar of Fedhas.
  4252 | D:6      | Found an ornate altar of the Wu Jian Council.
  4488 | D:7      | Reached skill level 10 in Unarmed Combat
  4592 | D:7      | Found an opulent altar of Gozag.
  4657 | D:7      | Reached skill level 11 in Unarmed Combat
  4704 | D:7      | Noticed Jeremiah
  4714 | D:7      | Killed Jeremiah
  4742 | D:7      | Found a basalt altar of Yredelemnul.
  4750 | D:7      | Found a sacrificial altar of Ru.
  4931 | D:7      | Reached skill level 12 in Unarmed Combat
  5058 | D:8      | Noticed Psyche
  5114 | D:8      | Noticed a hornet
  5117 | D:8      | Paralysed by a hornet for 1 turns
  5119 | D:8      | HP: 2/99 [hornet (16)]
  5120 | D:8      | Demolished by a hornet

Illustrated notes

Levels and vault maps discovered:
D:1:      dpeg_arrival_lava_temple_mockup, layout_loops_cross, serial_shops,
          nicolae_lakefront_shop
D:2:      layout_basic, serial_shops, nicolae_shop_rolling_square,
          kennysheep_flooded_box, minivault_27, uniq_jessica
D:3:      layout_basic, shapermc_ecumenical_altar_rom_forum
D:4:      layout_rooms
D:5:      layout_loops_ring, elyvilon_altar_5, serial_shops,
          nicolae_shop_pleasant_corner_grove, nicolae_shop_back_alley_shop,
          nicolae_shop_clearance
D:6:      layout_gridville, mainiacjoe_overflow_big_doors, temple_pool_b
D:7:      layout_cave_pools, nicolae_gozag_seed_capital,
          mainiacjoe_overflow_large_starburst, hangedman_abyss_or_decor_passed,
          uniq_jeremiah
D:8:      layout_cave_pools, biasface_ghost_orc_armoury,
          lightli_bailey_entry_fortress, uniq_erica, uniq_psyche
Temple:   minmay_temple_bridge_d

Skill      XL: |  1  2  3  4  5  6  7  8 |
---------------+-------------------------+-----
Unarmed Combat | 4 5 6 8 9 12 | 12.0
Fighting       | |  0.7
Dodging        | |  1.5
Shapeshifting  | |  3.0

Action                     |  1- 3 |  4- 6 |  7- 9 || total
---------------------------+-------+-------+-------++-------
  Melee: Unarmed           |    55 |   113 |    78 ||   246
         Punch             |       |     4 |     1 ||     5
    Use: Potion            |       |       |     2 ||     2
   Stab: Distracted        |     1 |       |       ||     1
 Armour: Animal skin       |    29 |    73 |    59 ||   161
         Skin              |       |       |     8 ||     8
  Dodge: Dodged            |    17 |    48 |    28 ||    93
  Block: Kite shield       |       |       |     8 ||     8
   Form: Beast             |     2 |       |       ||     2
                           |     1 |       |       ||     1
